 Dungeon Crawl Stone Soup version 0.28.0-53-g5a82cb258f (webtiles) character file.

Game seed: 130882164524486222

3830 safid the Severer (level 10, 0/81 HPs)
             Began as a Hill Orc Fighter on Aug 11, 2022.
             Was an Initiate of Beogh.
             Slain by an orc warrior
             ... wielding a +0 glaive
              (12 damage)
             ... on level 8 of the Dungeon.
             The game lasted 00:09:27 (7619 turns).

safid the Severer (Hill Orc Fighter)                Turns: 7619, Time: 00:09:28

Health: 0/81       AC: 14    Str: 24    XL:     10   Next: 17%
Magic:  12/12      EV:  8    Int:  8    God:    Beogh [......]
Gold:   344        SH:  4    Dex: 10    Spells: 9/9 levels left

rFire   . . .      SeeInvis .   a - +0 war axe
rCold   . . .      Faith    .   c - +0 buckler
rNeg    + . .      Spirit   .   r - +2 chain mail {rPois}
rPois   +          Reflect  .   (no helmet)
rElec   .          Harm     .   o - +1 cloak
rCorr   .          Rampage  .   (no gloves)
Will    .....                   (no boots)
Stlth   ..........              (no amulet)
HPRegen 0.23/turn               f - ring of flight
MPRegen 0.13/turn               A - ring of positive energy

@: mighty, flying
A: no striking features
a: Renounce Religion


You were on level 8 of the Dungeon.
You worshipped Beogh.
Beogh was noncommittal.
You visited 1 branch of the dungeon, and saw 8 of its levels.

You collected 344 gold pieces.

Inventory:

Hand Weapons
 a - a +0 war axe (weapon)
Missiles
 u - 8 poisoned darts (quivered)
Armour
 c - a +0 buckler (worn)
 o - a +1 cloak (worn)
 r - a +2 chain mail of poison resistance (worn)
Jewellery
 f - a ring of flight (left hand)
 A - a ring of positive energy (right hand)
 C - a ring of ice
 D - a +6 ring of dexterity
Wands
 b - a wand of flame (23)
 k - a wand of digging (6)
 l - a wand of mindburst (11)
 E - a wand of paralysis (4)
 F - a wand of iceblast (2)
Scrolls
 g - a scroll of immolation
 i - a scroll of fear
 j - 4 scrolls of magic mapping
 m - 2 scrolls of vulnerability
 n - 3 scrolls of teleportation
 t - a scroll of noise {unknown}
 y - 2 scrolls of fog {unknown}
 z - 2 scrolls of enchant armour {unknown}
Potions
 e - a potion of attraction {unknown}
 h - 2 potions of brilliance
 p - a potion of resistance
 q - a potion of ambrosia
 s - a potion of magic {unknown}
 v - a potion of mutation {unknown}
 w - 2 potions of flight {unknown}
 x - a potion of cancellation {unknown}
 B - a potion of haste {unknown}
 G - 2 potions of curing {unknown}


   Skills:
 + Level 5.0 Fighting
 - Level 16.0 Axes
 + Level 2.0 Throwing
 + Level 4.9 Armour
 + Level 1.8 Dodging
 - Level 4.0 Shields
 + Level 3.2 Invocations
 + Level 2.1 Evocations


You had 9 spell levels left.
You didn't know any spells.
Your spell library contained the following spells:

 Spells                   Type           Power      Damage    Failure   Level
 Sandblast                Erth           0%         2d4       98%         1
 Passwall                 Tmut/Erth      0%         N/A       99%         2
 Stone Arrow              Conj/Erth      0%         3d7       100%        3


Dungeon Overview and Level Annotations

Branches:
Dungeon (8/15)             Temple (0/1) D:4
   Lair: D:8-11

Altars:
Dithmenos
Elyvilon
Gozag
Hepliaklqana
Kikubaaqudgha
Nemelex Xobeh
Okawaru
Trog
Xom
Zin
The Shining One

Shops:
D:4 *

Annotations:
D:3 2 runed translucent doors, Tirrikindir's ghost, amateur TrFi
D:8 3 runed translucent doors, kudzoo's ghost, novice DDBe


Message History

The yak is severely wounded.
You barely miss the wyvern zombie. You barely miss the orc warrior.
The wyvern zombie barely misses you. The yak gores you but does no damage.
The orc warrior misses you.
You slash the yak!
The yak is almost dead.
You hit the orc warrior but do no damage.
You hit the wyvern zombie. The wyvern zombie bites you. The yak gores you.
You hit the yak.
You kill the yak!
Beogh accepts your kill.
Your Throwing skill increases to level 2!
Unknown command.
You barely miss the two-headed ogre.
Unknown command.
You hit the two-headed ogre.
The two-headed ogre is lightly wounded.
The two-headed ogre hits you with a +0 giant spiked club!
You block the two-headed ogre's attack.
Unknown command.
You slice the two-headed ogre!!
The two-headed ogre is heavily wounded.
The two-headed ogre hits you but does no damage.
The two-headed ogre hits you with a +0 giant spiked club.
Unknown command.
You slash the two-headed ogre!
The two-headed ogre is severely wounded.
Unknown command.
You slash the two-headed ogre!
The two-headed ogre is almost dead.
The two-headed ogre hits you with a +0 giant spiked club!!
* * * LOW HITPOINT WARNING * * *
The two-headed ogre barely misses you.
Unknown command.
You slash the two-headed ogre!
You kill the two-headed ogre!
Beogh accepts your kill.
The orc warrior hits you from afar with a +0 glaive!
You die...
Beogh appreciates the orc warrior's killing of a heretic priest.
Yo....

#...............#
Y.....###...............#
....#.#...##....##......#
#......## ####........>#
.#......# #..##.....#
........# #..########
#......h# #...#
#.....Zo#######...##
......ooo@......#..####
........###...........####
........###...#..........#
>.########...............#
. #......(.........#
#................#
#................#
##..........#....#
##...##...##....#


You could see an orc warrior, 3 orcs and a wyvern zombie.

Vanquished Creatures
  A two-headed ogre (D:8)
  Prince Ribbit (D:7)
  6 yaks (D:8)
  A wyvern (D:8)
  Edmund (D:5)
  A water moccasin (D:7)
  Duvessa (D:6)
  4 sky beasts
  2 ice beasts
  3 ogres
  2 necrophages
  2 phantoms (D:6)
  A bullfrog (D:8)
  4 scorpions
  Dowan (D:6)
  A howler monkey (D:5)
  5 wights
  A bullfrog zombie (D:5)
  2 orc priests
  2 hounds
  A bullfrog skeleton (D:6)
  2 centaur skeletons
  3 iguanas
  2 orc wizards
  A killer bee zombie (D:8)
  A howler monkey zombie (D:8)
  4 gnolls
  3 adders
  A shadow imp (D:5)
  2 white imps
  An ufetubus (D:6)
  2 adder skeletons (D:4)
  3 worms
  2 dart slugs (D:4)
  6 orcs
  3 endoplasms
  4 giant cockroaches
  5 goblins
  10 hobgoblins
  3 jackals (D:1)
  5 kobolds
  3 quokkas
  12 ball pythons
  6 bats
  3 frilled lizards
  6 rats
136 creatures vanquished.

Vanquished Creatures (others)
  5 dream sheep (D:8)
  A centaur (D:7)
  An orc priest (D:7)
  22 plants
29 creatures vanquished.

Grand Total: 165 creatures vanquished

Notes
Turn   | Place    | Note
-------+----------+-------------------------------------------
     0 | D:1      | safid the Hill Orc Fighter began the quest for the Orb.
     0 | D:1      | Reached XP level 1. HP: 19/19 MP: 1/1
   117 | D:1      | Reached XP level 2. HP: 23/27 MP: 2/2
   118 | D:1      | Reached skill level 3 in Axes
   295 | D:1      | Reached XP level 3. HP: 18/33 MP: 3/3
  1121 | D:2      | Found an iron altar of Okawaru.
  1129 | D:2      | Reached XP level 4. HP: 40/40 MP: 4/4
  1130 | D:2      | Reached skill level 4 in Axes
  1499 | D:2      | Found a faded altar of an unknown god.
  1778 | D:3      | Found a runed translucent door.
  1780 | D:3      | Noticed Tirrikindir's ghost (amateur TrFi)
  1839 | D:3      | Found a runed translucent door.
  2048 | D:4      | Reached skill level 5 in Axes
  2048 | D:4      | Reached XP level 5. HP: 35/46 MP: 5/5
  2127 | D:4      | Found a white marble altar of Elyvilon.
  2159 | D:4      | Reached skill level 6 in Axes
  2521 | D:4      | Reached XP level 6. HP: 52/52 MP: 6/6
  2525 | D:4      | Found an iron altar of Okawaru.
  2526 | D:4      | Found a sparkling altar of Nemelex Xobeh.
  2526 | D:4      | Found a glowing golden altar of the Shining One.
  2526 | D:4      | Found a bloodstained altar of Trog.
  2526 | D:4      | Found an ancient bone altar of Kikubaaqudgha.
  2536 | D:4      | Reached skill level 7 in Axes
  2819 | D:4      | Found a staircase to the Ecumenical Temple.
  2906 | D:4      | Reached skill level 8 in Axes
  3020 | D:4      | Found Iwoery's Assorted Antiques.
  3025 | D:4      | Noticed a necrophage
  3050 | D:4      | Killed a necrophage
  3051 | D:4      | Reached XP level 7. HP: 40/57 MP: 7/7
  3322 | D:5      | Entered Level 5 of the Dungeon
  3396 | D:5      | Reached skill level 9 in Axes
  3417 | D:5      | Noticed Edmund
  3425 | D:5      | Killed Edmund
  3523 | D:5      | Found a hazy altar of Hepliaklqana.
  3556 | D:5      | Reached skill level 10 in Axes
  3796 | D:5      | Reached XP level 8. HP: 57/66 MP: 8/8
  3869 | D:5      | Reached skill level 11 in Axes
  4120 | D:5      | Found a glowing silver altar of Zin.
  4534 | D:6      | Reached skill level 12 in Axes
  4551 | D:6      | Noticed Duvessa
  4551 | D:6      | Noticed Dowan
  4568 | D:6      | Killed Duvessa
  4581 | D:6      | Killed Dowan
  4589 | D:6      | Found a shadowy altar of Dithmenos.
  4608 | D:6      | HP: 3/66 [phantom (6)]
  4609 | D:6      | HP: 1/66 [phantom (2)]
  4620 | D:6      | Reached skill level 13 in Axes
  5096 | D:6      | Reached XP level 9. HP: 64/71 MP: 9/9
  5357 | D:6      | Reached skill level 14 in Axes
  5738 | D:7      | Found an opulent altar of Gozag.
  6311 | D:7      | Reached skill level 15 in Axes
  6516 | D:7      | Became a worshipper of Beogh the Brigand
  6808 | D:7      | Noticed Prince Ribbit
  6830 | D:7      | Killed Prince Ribbit
  6930 | D:8      | Reached skill level 16 in Axes
  6935 | D:8      | Found a runed translucent gate.
  6935 | D:8      | Noticed kudzoo's ghost (novice DDBe)
  6936 | D:8      | Found a runed translucent gate.
  6938 | D:8      | Found a runed translucent gate.
  6969 | D:8      | Reached skill level 1 in Invocations
  7026 | D:8      | Found a shimmering altar of Xom.
  7412 | D:8      | Paralysed by an orc priest for 6 turns
  7596 | D:8      | Reached skill level 1 in Throwing
  7596 | D:8      | Reached skill level 1 in Dodging
  7596 | D:8      | Reached skill level 1 in Evocations
  7596 | D:8      | Noticed a two-headed ogre
  7600 | D:8      | Reached XP level 10. HP: 53/80 MP: 11/11
  7608 | D:8      | Reached skill level 5 in Fighting
  7619 | D:8      | Killed a two-headed ogre
  7619 | D:8      | Slain by an orc warrior

Illustrated notes

Levels and vault maps discovered:
D:1:      eino_arrival_water_cross, layout_loops_cross, nicolae_grassy_gnolls
D:2:      layout_rooms, basic_altar, dilly_ecumenical_altar_fadedgnrine,
          minmay_misc_feat_plants, corexii_hall_statues_l,
          chequers_serial_rivers_small_3, serial_bayou_pond_b,
          grunt_decor_mini_mirrors, item_on_display_a
D:3:      layout_basic, ebering_ghost_sewer_f
D:4:      layout_rooms, grunt_temple_overflow_open, elyvilon_altar_3,
          minmay_temple_entry_waves, serial_shops, kennysheep_mini
D:5:      layout_loops_cross, nicolae_overflow_hidden_temple,
          kennysheep_small_circle, uniq_edmund
D:6:      layout_gridville, mainiacjoe_overflow_small_starburst, uniq_duvessa
D:7:      layout_gridville, nicolae_gozag_cash_rules_everything_around_me,
          solitary_fountain, uniq_prince_ribbit1
D:8:      layout_rooms, yredelemnul_forgotten_temple_becter,
          kb_xom_exploding_sheep, biasface_ghost_orc_armoury

Skill      XL: |  1  2  3  4  5  6  7  8  9 10 |
---------------+-------------------------------+-----
Axes           | 3 5 6 8 10 13 16 | 16.0
Fighting       | 4 5 |  5.0
Armour         | 4 |  4.9
Shields        | 4 |  4.0
Invocations    | 2 3 |  3.2
Throwing       | 1 2 |  2.0
Dodging        | 1 |  1.8
Evocations     | 1 2 |  2.1

Action                   |  1- 3 |  4- 6 |  7- 9 | 10-12 || total
-------------------------+-------+-------+-------+-------++-------
Melee: War axe           |   114 |   128 |   326 |    18 ||   586
Invok: Convert to Beogh  |       |       |     1 |       ||     1
  Use: Potion            |       |       |     5 |       ||     5
       Scroll            |       |       |     8 |       ||     8
 Stab: Fleeing           |       |       |     1 |       ||     1
Armor: Scale mail        |    66 |    52 |     9 |       ||   127
       Chain mail        |       |       |   148 |     4 ||   152
Dodge: Dodged            |    59 |    53 |    81 |     4 ||   197
Block: Buckler           |    23 |    28 |    38 |     1 ||    90
